Map: Prion Terraces

Players

GammaGhost - Winner!

  • Race: Protoss Protoss
  • League: Gold

KappaMarine

  • Race: Terran Terran

VOD

Have the link to the VOD?

Description

Time

  • Played on: Dec. 24, 2015, 8:57 p.m.
  • Length: 10:09
Show
View Real Time Build Order
Export as new Build Order

GammaGhost Protoss - Winner!

Build Orders: 1 Gate Expand, Oracle Opening 

Get SALT Encoding   

  12  0:01  Probe (Chrono Boost)  
  13  0:11  Probe (Chrono Boost)  
  14  0:21  Pylon  
  14  0:23  Probe (Chrono Boost)  
  15  0:39  Probe (Chrono Boost)  
  15  0:41  Gateway  
  16  0:46  Assimilator  
  16  0:50  Probe (Chrono Boost)  
  17  1:01  Probe (Chrono Boost)  
  18  1:21  Nexus  
  18  1:31  Cybernetics Core  
  18  1:39  Probe (Chrono Boost)  
  19  1:50  Probe (Chrono Boost)  
  19  1:53  Assimilator  
  20  2:02  Pylon  
  20  2:05  Probe (Chrono Boost)  
  21  2:13  Adept (Chrono Boost), Warp Gate  
  23  2:35  Probe x2, Stargate  
  25  2:45  Adept (Chrono Boost)  
  25  2:48  Probe  
  25  2:49  Probe  
  29  2:57  Gateway  
  29  3:04  Probe  
  29  3:05  Probe  
  31  3:07  Pylon  
  31  3:17  Probe, Pylon  
  32  3:20  Stalker (Chrono Boost)  
  32  3:25  Oracle  
  37  3:37  Probe (Chrono Boost)  
  37  3:39  Probe (Chrono Boost)  
  39  3:48  Probe (Chrono Boost)  
  40  4:02  Gateway  
  40  4:03  Gateway  
  40  4:05  Gateway, Void Ray  
  44  4:18  Mothership Core (Chrono Boost)  
  46  4:50  Void Ray  
  46  4:52  Probe (Chrono Boost)  
  47  4:53  Stalker x2  
  55  5:16  Adept x3  
  61  5:39  Pylon  
  61  5:40  Pylon  
  61  5:42  Pylon  
  61  5:51  Void Ray  
  61  5:59  Gateway  
  65  6:06  Adept  
  65  6:07  Adept x2  
  65  6:08  Adept x2  
  75  6:14  Probe (Chrono Boost)  
  75  6:17  Gateway  
  75  6:18  Probe (Chrono Boost)  
  77  6:25  Probe (Chrono Boost)  
  78  6:28  Void Ray  
  78  6:30  Probe (Chrono Boost)  
  79  6:35  Probe (Chrono Boost), Adept  
  86  6:41  Pylon  
  86  6:43  Pylon  
  87  7:01  Probe (Chrono Boost)  
  87  7:03  Assimilator  
  87  7:22  Adept  
  89  7:23  Adept x3  
  89  7:24  Adept x2  
  89  7:25  Nexus  
  99  7:43  Pylon  
  99  7:44  Pylon  
  99  7:55  Void Ray  
  99  8:01  Adept x3  
  94  8:17  Zealot x3  
  72  8:35  Stalker x2  
  72  8:36  Stalker x2  
  72  9:05  Stalker x3  
  72  9:06  Stalker x2  
  76  9:24  Stalker x2  
  76  9:45  Stalker x4  
Show
View Real Time Build Order
Export as new Build Order

KappaMarine Terran 

Build Orders: MMM Bio 

Get SALT Encoding   

  12  0:01  SCV  
  13  0:13  SCV  
  14  0:18  Supply Depot  
  14  0:25  SCV  
  15  0:39  SCV  
  15  0:41  Barracks  
  16  0:46  Refinery  
  16  0:52  SCV  
  17  1:04  SCV  
  18  1:16  SCV  
  19  1:29  Orbital Command  
  19  1:30  Barracks Reactor  
  19  1:31  Supply Depot  
  19  1:56  SCV  
  19  2:00  Command Center  
  20  2:05  Marine  
  20  2:06  Marine  
  22  2:08  SCV  
  23  2:20  SCV  
  24  2:23  Marine x2  
  26  2:30  Barracks  
  26  2:35  Factory  
  26  2:39  SCV  
  26  2:41  Marine x2  
  28  2:51  SCV  
  28  2:56  Bunker  
  29  2:59  Marine x2  
  31  3:11  SCV  
  31  3:12  Orbital Command  
  32  3:23  SCV, Barracks Tech Lab  
  32  3:25  Starport  
  33  3:29  Barracks, Marine  
  34  3:34  Supply Depot  
  34  3:36  Marine  
  34  3:38  SCV  
  36  3:48  SCV, Refinery  
  37  3:50  SCV, Stimpack  
  38  3:59  Marine x2  
  38  4:01  Starport Reactor  
  40  4:02  SCV  
  40  4:06  Refinery  
  40  4:07  SCV  
  42  4:15  SCV  
  43  4:19  Barracks Reactor, SCV  
  44  4:25  Marine x2  
  44  4:27  SCV  
  42  4:39  SCV  
  42  5:01  Command Center  
  42  5:02  SCV  
  43  5:07  Marine x2  
  43  5:12  Medivac  
  47  5:14  SCV  
  48  5:26  SCV x2  
  50  5:29  Viking  
  52  5:38  Marine x2  
  54  5:43  Supply Depot  
  54  5:46  Supply Depot  
  54  5:56  Refinery  
  54  6:04  Marine x2  
  54  6:05  SCV x2, Marauder, Medivac  
  54  6:08  Medivac  
  64  6:11  Supply Depot  
  64  6:17  SCV  
  54  6:18  Orbital Command  
  65  6:21  Marine  
  65  6:22  Combat Shields, Marine x2  
  68  6:26  Marauder  
  68  6:28  Engineering Bay  
  68  6:29  SCV  
  68  6:30  Supply Depot  
  71  6:41  SCV  
  71  6:43  SCV  
  73  6:53  SCV  
  74  6:55  SCV  
  75  7:04  Terran Infantry Weapons Level 1  
  75  7:05  SCV, Medivac x2  
  75  7:06  Marine x4  
  75  7:07  Marauder  
  75  7:08  SCV  
  87  7:12  SCV  
  88  7:17  SCV  
  89  7:24  Marine x4  
  89  7:25  SCV, Barracks  
  89  7:28  SCV, Refinery, Marauder  
  89  7:29  SCV  
  97  7:37  SCV  
  97  7:40  SCV  
  97  7:41  SCV, Marine  
  101  7:49  Supply Depot  
  101  7:51  Marine  
  101  7:52  Supply Depot, Marauder, Marine x2  
  101  7:55  Engineering Bay  
  101  7:56  Medivac  
  108  7:59  Marine  
  69  8:05  Medivac  
  107  8:09  Marine  
  100  8:13  Marauder  
  78  8:35  Marauder  
  73  8:46  Marine x5  
  62  8:56  Marine  
  63  9:03  Marine x2  
  63  9:04  Marine x3  
  65  9:13  Marine  
  64  9:18  Medivac x2  
  64  9:21  Marine x3  
  64  9:22  Marine x2  
  65  9:26  Orbital Command  
  54  9:31  Marine  
  47  9:39  Marine x5  
  46  9:49  Marine  
Tags
 
Add a new tag
Caveats
  • Supply blocks, unpowered buildings, or Contaminate may cause inaccurate times.
  • Supply counts are checked every 10 seconds.